Map: Ruins of Endion

Players

flyingdede - Winner!

  • Race: Zerg Zerg
  • League: Master

Miszu

  • Race: Terran Terran
  • League: Master

VOD

Have the link to the VOD?

Description

Time

  • Played on: June 20, 2016, 12:05 p.m.
  • Length: 4:17
Show
View Real Time Build Order
Export as new Build Order

flyingdede Zerg - Winner!

Build Orders: Hatch First 

Get SALT Encoding   

  12  0:01  Drone  
  13  0:09  Drone  
  14  0:18  Overlord  
  14  0:27  Extractor  
  14  0:28  Drone  
  15  0:36  Drone x2  
  17  0:52  Drone  
  18  1:03  Hatchery  
  17  1:06  Drone  
  17  1:07  Extractor  
  17  1:18  Spawning Pool  
  17  1:20  Drone  
  17  1:25  Drone  
  17  1:29  Drone  
  19  1:42  Overlord  
  19  1:59  Extractor  
  18  2:06  Queen  
  18  2:07  Drone  
  18  2:08  Zergling x2  
  22  2:13  Metabolic Boost  
  23  2:19  Extractor, Drone  
  23  2:20  Drone  
  23  2:22  Queen  
  26  2:25  Drone  
  26  2:29  Drone  
  28  2:37  Zergling x2, Drone  
  30  2:46  Overlord  
  30  3:00  Overlord  
  30  3:09  Zergling x8  
  34  3:16  Zergling x2  
  34  3:17  Zergling x6  
  38  3:22  Zergling x2  
  38  3:25  Hatchery  
  38  3:28  Zergling x2  
  38  3:33  Zergling x6  
  40  3:52  Zergling x12  
  44  3:59  Drone  
  44  4:01  Drone x3  
  48  4:04  Drone  
Show
View Real Time Build Order
Export as new Build Order

Miszu Terran 

Build Orders: Reaper Expand 

Get SALT Encoding   

  12  0:00  SCV  
  13  0:12  SCV  
  14  0:17  Supply Depot  
  14  0:25  SCV  
  15  0:39  SCV  
  15  0:41  Barracks  
  16  0:44  Refinery  
  16  0:51  SCV  
  17  1:03  SCV  
  18  1:15  SCV  
  19  1:30  Orbital Command  
  19  1:31  Reaper  
  20  1:55  SCV  
  20  1:59  Command Center  
  21  2:04  Supply Depot  
  21  2:08  SCV  
  22  2:11  Factory  
  22  2:20  SCV  
  23  2:22  Barracks Reactor  
  23  2:32  SCV  
  25  2:44  SCV  
  25  2:48  Command Center  
  25  2:56  SCV  
  26  3:06  Hellion x2, Barracks Tech Lab  
  26  3:09  SCV  
  26  3:11  Orbital Command  
  30  3:21  SCV  
  30  3:24  Marine  
  32  3:31  Refinery  
  32  3:34  Barracks, SCV  
  33  3:38  Barracks  
  28  3:57  Marine  
  28  4:02  SCV  
  25  4:04  Factory Reactor  
Tags
 
Add a new tag
Caveats
  • Supply blocks, unpowered buildings, or Contaminate may cause inaccurate times.
  • Supply counts are checked every 10 seconds.